[Event "January 2 Late 2024"]
[Site "https://www.chess.com"]
[Date "2024.01.02"]
[Round "11"]
[White "Rees, Ioan"]
[Black "Melian, Juan Sebastian"]
[Result "0-1"]
[Board "51"]
[TimeControl "180+1"]
[WhiteFideId "1801236"]
[BlackFideId "3706575"]
[WhiteElo "2450"]
[BlackElo "2610"]
[WhiteTeam "WLS"]
[BlackTeam "PAR"]
[WhiteClock "0:00:00"]
[BlackClock "0:00:06"]

1. e4 c5 2. c3 e6 3. d4 Nf6 4. Bd3 Qc7 5. Nf3 Be7 6. O-O Nc6 7. Re1 d6 8. h3 O-O 9. Bf4 e5 10. dxe5 dxe5 11. Bh2 Rd8 12. Na3 Be6 13. Qe2 h6 14. Nc4 Nd7 15. Ne3 Nf6 16. b3 Bf8 17. Nh4 g6 18. Bc4 Bxc4 19. Qxc4 Bg7 20. Qxc5 Nxe4 21. Qc4 Nd2 22. Qe2 Ne4 23. c4 Nd4 24. Qb2 Nc5 25. Nd5 Qd6 26. Rad1 Nc6 27. Nf3 Re8 28. Nb6 Qb8 29. Nxa8 Qxa8 30. Nxe5 Nb4 31. Qd4 Ne6 32. Qd6 Nc2 33. Re2 Rd8 34. Rxc2 Rxd6 35. Rxd6 Qe8 36. Rcd2 Kh7 37. Rd7 Bxe5 38. Bxe5 g5 39. Bh2 Kg6 40. Bg3 Qc8 41. R7d6 h5 42. h4 Kf5 43. hxg5 Kxg5 44. R2d5+ Kg6 45. Rd7 Qc6 46. R7d6 Qc8 47. f3 Qh8 48. Bf2 Qa1+ 49. Kh2 Qxa2 50. Be3 h4 51. Rd7 Kf6 52. Rxb7 Qe2 53. Rdd7 Qxe3 54. Rxf7+ Ke5 55. Rbe7 Qg5 56. Re8 Qg3+ 57. Kg1 Qe1+ 58. Kh2 Qg3+ 59. Kg1 h3 0-1

[Event "January 2 Late 2024"]
[Site "https://www.chess.com"]
[Date "2024.01.02"]
[Round "11"]
[White "Lund, Gunnar"]
[Black "CRObliterator"]
[Result "1-0"]
[Board "52"]
[TimeControl "180+1"]
[WhiteFideId "1520814"]
[WhiteElo "2591"]
[BlackElo "2396"]
[WhiteTeam "NOR"]
[WhiteClock "0:01:37"]
[BlackClock "0:01:46"]

1. a3 d5 2. h3 e5 3. e3 Nf6 4. d3 Bd6 5. Nc3 O-O 6. Bd2 a6 7. e4 d4 8. Nce2 c5 9. g4 Re8 10. Ng3 b5 11. g5 Nfd7 12. h4 Bb7 13. h5 Nf8 14. Bh3 c4 15. g6 fxg6 16. hxg6 hxg6 17. Nf3 Nbd7 18. Ng5 Nf6 19. Qf3 a5 20. Qg2 b4 21. Qh2 c3 22. Be6+ Nxe6 23. Qh8# 1-0

[Event "January 2 Late 2024"]
[Site "https://www.chess.com"]
[Date "2024.01.02"]
[Round "11"]
[White "Durarbayli, Vasif"]
[Black "Przybylski, Wojciech"]
[Result "1-0"]
[Board "53"]
[TimeControl "180+1"]
[WhiteFideId "13402935"]
[BlackFideId "1117599"]
[WhiteElo "2786"]
[BlackElo "2550"]
[WhiteTeam "AZE"]
[BlackTeam "POL"]
[WhiteClock "0:00:58"]
[BlackClock "0:00:00"]

1. e4 e5 2. Nc3 Nf6 3. d4 exd4 4. Qxd4 Nc6 5. Qd3 Bb4 6. Bd2 O-O 7. O-O-O Re8 8. Nge2 d6 9. Bg5 Bxc3 10. Nxc3 h6 11. Bh4 Ne5 12. Qd2 Ng6 13. Bxf6 Qxf6 14. f3 Be6 15. Kb1 a6 16. Ne2 Rad8 17. Nd4 Bc8 18. Bc4 c6 19. Bb3 Nf4 20. Rhe1 Ng6 21. a3 Bd7 22. g4 Nf4 23. Nf5 Bxf5 24. gxf5 Qe5 25. Rg1 Kf8 26. Rg4 Nh5 27. Rdg1 d5 28. exd5 Qxf5 29. Qb4+ Kg8 30. dxc6 bxc6 31. Qc3 Qe5 32. Qxc6 Rd6 33. Qb7 Rf6 34. Re4 Qb8 35. Qxb8 Rxb8 36. Bc4 Nf4 37. Bxa6 Ne6 38. Be2 Ng5 39. Re3 Nh3 40. Re1 Nf4 41. Bf1 Kh7 42. a4 h5 43. Bb5 h4 44. c4 Ng2 45. R1e2 Nxe3 46. Rxe3 g5 47. a5 Kg6 48. a6 Rfb6 49. Kc2 f5 50. b4 g4 51. fxg4 fxg4 52. Kb3 Kg5 53. Ka4 Kf4 54. Re1 g3 55. hxg3+ hxg3 56. Ka5 g2 57. a7 Re6 58. axb8=Q+ Kf3 59. Rxe6 g1=Q 60. Qf8+ Kg2 61. Rg6+ Kh3 62. Bd7+ 1-0

[Event "January 2 Late 2024"]
[Site "https://www.chess.com"]
[Date "2024.01.02"]
[Round "11"]
[White "Ferreira, Vitor Hugo Vieira"]
[Black "Chirilov, James A"]
[Result "1-0"]
[Board "54"]
[TimeControl "180+1"]
[WhiteFideId "2119765"]
[BlackFideId "30976677"]
[WhiteElo "2547"]
[BlackElo "2762"]
[WhiteTeam "BRA"]
[BlackTeam "USA"]
[WhiteClock "0:00:31"]
[BlackClock "0:00:24"]

1. c4 Nf6 2. g3 e6 3. Bg2 d5 4. Nf3 Be7 5. O-O O-O 6. d3 b6 7. b3 Bb7 8. Bb2 Nbd7 9. Nbd2 c5 10. a3 d4 11. b4 e5 12. b5 Re8 13. a4 Bd6 14. a5 e4 15. Ne1 exd3 16. Nxd3 Bxg2 17. Kxg2 Qe7 18. Re1 h5 19. e3 dxe3 20. Rxe3 Qd8 21. Rxe8+ Qxe8 22. Qf3 Rd8 23. axb6 axb6 24. Qc6 Ne5 25. Nxe5 Bxe5 26. Qxe8+ Rxe8 27. Bxe5 Rxe5 28. Nf3 Re2 29. Ng5 g6 30. Ra8+ Kg7 31. Ra7 Ne4 32. Rxf7+ Kg8 33. Re7 Nc3 34. Rxe2 Nxe2 35. Kf3 Nc3 36. Ne4 Nb1 37. Ke3 Kf8 38. Kd3 Ke7 39. Kc2 Na3+ 40. Kb3 Nb1 41. Kb2 Ke6 42. Kxb1 Ke5 43. Nxc5 bxc5 44. Kc2 Kd6 45. Kd3 g5 46. Ke4 h4 47. g4 Ke6 48. h3 Kd6 49. Kf5 Kc7 50. Kxg5 Kb6 51. Kxh4 Ka5 52. f3 Kb6 53. f4 Ka5 54. f5 Kb4 55. f6 Kc3 56. b6 Kb4 57. b7 Kc3 58. b8=Q Kc2 59. f7 Kc3 60. f8=Q Kd4 61. Qff4+ Kc3 62. Qbe5+ Kc2 63. Qe2+ Kb3 64. Qff3+ Kb4 65. Qb2+ Kxc4 66. Qe4# 1-0

[Event "January 2 Late 2024"]
[Site "https://www.chess.com"]
[Date "2024.01.02"]
[Round "11"]
[White "Rosen, Eric"]
[Black "RaugintaBulba"]
[Result "0-1"]
[Board "55"]
[TimeControl "180+1"]
[WhiteFideId "2032562"]
[WhiteElo "2687"]
[BlackElo "2544"]
[WhiteTeam "USA"]
[WhiteClock "0:00:02"]
[BlackClock "0:00:14"]

1. e4 c5 2. d4 cxd4 3. c3 dxc3 4. Nxc3 Nc6 5. Nf3 e6 6. Bc4 a6 7. O-O Nge7 8. Bg5 h6 9. Bh4 g5 10. Bg3 Ng6 11. Nd5 d6 12. Nc3 h5 13. h3 g4 14. Nd4 Nce5 15. Be2 Qg5 16. Qc1 Bh6 17. Qxg5 Bxg5 18. Na4 h4 19. Bh2 g3 20. Nb6 Rb8 21. Rad1 gxh2+ 22. Kxh2 Bd7 23. Rfe1 Rg8 24. Bf1 Bc6 25. a4 a5 26. b3 Bf6 27. Kh1 Nf4 28. Ne2 Nfd3 29. f4 Nxe1 30. fxe5 Bxe5 31. Rxe1 Bxe4 32. Ng1 Bc6 33. Nc4 Bg3 34. Rd1 Ke7 35. Nxa5 Bd5 36. b4 Ra8 37. Be2 b6 38. Nc4 Bxc4 39. Bxc4 Rxa4 40. Rb1 Rga8 41. Bb5 Ra1 42. Rxa1 Rxa1 43. Bf1 Bf2 44. b5 Rxf1 45. g3 Kd8 46. Kg2 Rxg1+ 47. Kf3 Rxg3+ 48. Ke4 Bd4 49. Kf4 Be5+ 50. Ke4 f5# 0-1

[Event "January 2 Late 2024"]
[Site "https://www.chess.com"]
[Date "2024.01.02"]
[Round "11"]
[White "Han, Yichen"]
[Black "Leenhouts, Koen"]
[Result "0-1"]
[Board "56"]
[TimeControl "180+1"]
[WhiteFideId "1054430"]
[BlackFideId "1008439"]
[WhiteElo "2685"]
[BlackElo "2543"]
[WhiteTeam "NED"]
[BlackTeam "NED"]
[WhiteClock "0:00:05"]
[BlackClock "0:00:15"]

1. d4 e6 2. c4 b6 3. Nf3 Bb7 4. a3 Nf6 5. Bf4 c5 6. Nc3 cxd4 7. Nxd4 a6 8. e3 d6 9. Bg3 Be7 10. f3 O-O 11. Bd3 Nbd7 12. O-O Rc8 13. b4 d5 14. Rc1 dxc4 15. Bb1 b5 16. Kh1 Nh5 17. Bf2 g6 18. Qd2 Ne5 19. Rfd1 Bh4 20. Bg1 Ng3+ 21. hxg3 Bxg3 22. Nf5 gxf5 23. Qxd8 Rfxd8 24. Ne2 Bh4 25. Bh2 Nxf3 26. Bf4 Rd2 27. Nd4 Rxd1+ 28. Rxd1 Nxd4 29. Rxd4 Bd5 30. Be5 Be7 31. Rd1 f6 32. Bc3 Kf7 33. Bxf5 Rg8 34. Bh3 Rg3 35. Bd4 Rxh3+ 36. Kg1 Rg3 37. Rd2 f5 38. Be5 Rg4 39. Kf1 Bf6 40. Bxf6 Kxf6 41. Rc2 Rxg2 42. Rc3 Ke5 43. e4 Bxe4 44. a4 Rb2 45. axb5 axb5 46. Ra3 Bd3+ 47. Ke1 Kd4 48. Kd1 Re2 49. Kc1 c3 50. Kd1 Rd2+ 51. Kc1 Rc2+ 52. Kb1 Rh2+ 53. Ka1 Rh1+ 54. Ka2 Bc4+ 55. Rb3 Bxb3+ 56. Ka3 Ra1+ 57. Kxb3 Rb1+ 58. Ka3 c2 59. Ka2 Rxb4 60. Ka3 Kc3 61. Ka2 Rb2+ 62. Ka3 Rb1 63. Ka2 Rb4 64. Ka3 c1=Q+ 65. Ka2 Qb2# 0-1

[Event "January 2 Late 2024"]
[Site "https://www.chess.com"]
[Date "2024.01.02"]
[Round "11"]
[White "Blanco Ronquillo, Humberto L."]
[Black "N_Mullodzhanov"]
[Result "1/2-1/2"]
[Board "57"]
[TimeControl "180+1"]
[WhiteFideId "3504239"]
[WhiteElo "2685"]
[BlackElo "2522"]
[WhiteTeam "CUB"]
[WhiteClock "0:00:09"]
[BlackClock "0:00:09"]

1. e4 c6 2. d4 d5 3. exd5 cxd5 4. Bd3 Nc6 5. c3 Nf6 6. h3 g6 7. Qc2 Bg7 8. Nf3 O-O 9. O-O Bd7 10. Re1 Rc8 11. a3 e6 12. Be3 Qc7 13. Nbd2 Nh5 14. Rad1 Nf4 15. Bf1 e5 16. dxe5 Nxe5 17. Nxe5 Bxe5 18. Nf3 Bg7 19. Qd2 Ne6 20. Qxd5 Bc6 21. Qd6 Bxf3 22. Qxc7 Rxc7 23. gxf3 b6 24. Rd5 Rd8 25. Red1 Rxd5 26. Rxd5 Kf8 27. Bb5 Ke7 28. Kf1 Kf6 29. Ke2 Bf8 30. Kd2 Bc5 31. Bf1 g5 32. b4 Bf8 33. Bd3 h5 34. Rf5+ Ke7 35. h4 gxh4 36. Rxh5 Bg7 37. c4 Bf6 38. f4 Rd7 39. f5 Nd4 40. Bxd4 Rxd4 41. f3 Kd6 42. Ke3 Ke5 43. Rh7 Rd7 44. f4+ Kd6 45. Be4 Re7 46. Kd3 a5 47. Bd5 axb4 48. axb4 Ra7 49. Rxf7 Rxf7 50. Bxf7 h3 51. Bd5 Bh4 52. Bh1 Bg3 53. Ke4 Be1 54. b5 Bh4 55. Kd4 Bf6+ 56. Ke4 Bh4 57. Kf3 Kc5 58. Kg4 Bf6 59. Bd5 h2 60. Kh3 h1=Q+ 61. Bxh1 Kxc4 62. Bc6 Kd4 63. Kg4 Ke3 64. Bd7 Be7 65. Be8 Bf6 66. Bc6 Be7 67. Kh5 Kxf4 68. Kg6 Ke5 69. Kf7 Bf6 70. Bd7 Bh4 71. Kg7 Bd8 72. Kg6 Bf6 73. Bc6 Bd8 74. Kf7 Bf6 75. Bd7 Bh4 76. Bc8 Bf6 77. Ke8 Bh4 78. Be6 Kd6 79. Kf7 Ke5 80. Kg7 Bf6+ 81. Kg6 Bd8 82. Bd7 Kd6 83. Bc6 Ke5 84. Be8 Bh4 85. Bc6 Bd8 1/2-1/2

[Event "January 2 Late 2024"]
[Site "https://www.chess.com"]
[Date "2024.01.02"]
[Round "11"]
[White "Manolache, Marius"]
[Black "Gasparyan, David"]
[Result "1-0"]
[Board "58"]
[TimeControl "180+1"]
[WhiteFideId "1201530"]
[BlackFideId "13311980"]
[WhiteElo "2672"]
[BlackElo "2542"]
[WhiteTeam "ROU"]
[BlackTeam "USA"]
[WhiteClock "0:00:40"]
[BlackClock "0:00:37"]

1. d4 Nf6 2. Bg5 e6 3. Nd2 d5 4. e3 Be7 5. Bd3 c5 6. c3 Nc6 7. Ngf3 O-O 8. Qb1 h6 9. Bh4 Rb8 10. a4 a6 11. Bxf6 Bxf6 12. dxc5 Qe7 13. Nb3 e5 14. Be2 g6 15. O-O Bg7 16. Rd1 Bf5 17. Qc1 Rfd8 18. h3 b6 19. cxb6 Rxb6 20. Nbd2 Rdb8 21. b4 e4 22. Nd4 Nxd4 23. exd4 e3 24. Nf3 exf2+ 25. Kxf2 Rc8 26. Qd2 Qc7 27. Rdc1 Bf8 28. b5 axb5 29. Bxb5 Bd6 30. Re1 Bg3+ 31. Kf1 Bxe1 32. Rxe1 Qxc3 33. Qxh6 Bd3+ 34. Bxd3 Qxd3+ 35. Kg1 Re6 36. Rxe6 fxe6 37. Kh2 Qf5 38. Qe3 Ra8 39. Qb3 Qf4+ 40. Kh1 Qc1+ 41. Kh2 Qc5 42. dxc5 1-0

[Event "January 2 Late 2024"]
[Site "https://www.chess.com"]
[Date "2024.01.02"]
[Round "11"]
[White "Annaberdiyev, Meylis"]
[Black "Osmak, Yuliia"]
[Result "1-0"]
[Board "59"]
[TimeControl "180+1"]
[WhiteFideId "14000563"]
[BlackFideId "14101602"]
[WhiteElo "2666"]
[BlackElo "2521"]
[WhiteTeam "TKM"]
[BlackTeam "UKR"]
[WhiteClock "0:00:30"]
[BlackClock "0:00:00"]

1. e4 c5 2. Nc3 a6 3. f4 b5 4. g3 Bb7 5. Bg2 e6 6. d3 Nf6 7. Nh3 d5 8. e5 Nfd7 9. O-O b4 10. Ne2 Nc6 11. c3 Be7 12. d4 a5 13. f5 exf5 14. Bxd5 Nb6 15. Bg2 bxc3 16. bxc3 cxd4 17. cxd4 g6 18. Rb1 O-O 19. Bh6 Re8 20. e6 fxe6 21. Qb3 Bb4 22. a3 a4 23. Qa2 Bf8 24. Bxf8 Kxf8 25. Nhf4 Kf7 26. d5 exd5 27. Nxd5 Nxd5 28. Bxd5+ Kf8 29. Rxb7 Rxe2 30. Rf7+ Kg8 31. Rd7+ Kf8 32. Rf7+ Kg8 33. Rd7+ Kf8 34. Rxd8+ Rxd8 35. Qxe2 Rxd5 36. Rc1 Nd4 37. Rc8+ Kg7 38. Rc7+ Kh6 39. Qd2+ g5 40. Kg2 Nc2 41. Rc6+ Kh5 42. Qe2+ g4 43. Rxc2 1-0

[Event "January 2 Late 2024"]
[Site "https://www.chess.com"]
[Date "2024.01.02"]
[Round "11"]
[White "Shuvalov, Evgenij"]
[Black "CamillaEffect"]
[Result "0-1"]
[Board "60"]
[TimeControl "180+1"]
[WhiteFideId "4187237"]
[WhiteElo "2517"]
[BlackElo "2639"]
[WhiteTeam "FID"]
[WhiteClock "0:00:08"]
[BlackClock "0:00:06"]

1. d4 d5 2. c4 c6 3. Nc3 Nf6 4. e3 g6 5. Nf3 Bg7 6. Be2 dxc4 7. Bxc4 O-O 8. O-O Bg4 9. Be2 Nbd7 10. h3 Bxf3 11. Bxf3 e5 12. b3 exd4 13. exd4 Nb6 14. Re1 Qd7 15. Ba3 Rfe8 16. Qd2 Rad8 17. Rxe8+ Rxe8 18. Rd1 Nbd5 19. Nxd5 Nxd5 20. Qa5 b6 21. Qd2 h5 22. Rc1 Kh7 23. Qc2 Re6 24. Bxh5 Bxd4 25. Bg4 f5 26. Bf3 Nf4 27. Bb2 Nd3 28. Rd1 Nxb2 29. Qxb2 Re1+ 30. Rxe1 Bxb2 31. g3 c5 32. Kg2 Qd2 33. Re2 Qc1 34. h4 Bd4 35. Re7+ Kg8 36. Bd5+ Kf8 37. Re2 Qc3 38. Bf3 a5 39. Re6 Qb2 40. Re2 Qa3 41. Bd5 a4 42. Bc4 axb3 43. axb3 Qb4 44. Bd5 b5 45. Re6 c4 46. bxc4 bxc4 47. Rxg6 c3 48. Rc6 Qb2 49. Kh3 c2 50. Rc8+ Ke7 51. Rc7+ Kd6 52. Rc6+ Kxd5 53. Rc8 c1=Q 54. Rd8+ Ke4 0-1

[Event "January 2 Late 2024"]
[Site "https://www.chess.com"]
[Date "2024.01.02"]
[Round "11"]
[White "Bjelobrk, Igor"]
[Black "Jaiveer Mahendru"]
[Result "1-0"]
[Board "61"]
[TimeControl "180+1"]
[WhiteFideId "4300726"]
[BlackFideId "25611151"]
[WhiteElo "2638"]
[BlackElo "2514"]
[WhiteTeam "AUS"]
[BlackTeam "IND"]
[WhiteClock "0:00:14"]
[BlackClock "0:00:05"]

1. d4 d5 2. c4 e6 3. Nf3 Nf6 4. g3 Bb4+ 5. Bd2 Be7 6. Bg2 O-O 7. O-O c6 8. Qc2 b6 9. Rd1 a5 10. Bg5 Ba6 11. Nbd2 Nbd7 12. Rac1 Rc8 13. e4 Nxe4 14. Bxe7 Qxe7 15. Nxe4 dxe4 16. Qxe4 Nf6 17. Qe5 Rfd8 18. c5 Nd7 19. Qe3 bxc5 20. dxc5 Nf6 21. Ne5 Nd5 22. Qa3 Qc7 23. f4 Nb4 24. Qb3 Bb5 25. a3 Nd5 26. Bxd5 Rxd5 27. Rxd5 exd5 28. a4 Ba6 29. Qb6 f6 30. Nf3 Bd3 31. Qxc7 Rxc7 32. Nd4 Be4 33. b3 Kf7 34. Kf2 h5 35. Ke3 g5 36. fxg5 fxg5 37. Rf1+ Kg6 38. Kd2 h4 39. gxh4 gxh4 40. Rf4 Kh5 41. Ke3 h3 42. Kf2 Rg7 43. Nxc6 Rg2+ 44. Ke3 Rxh2 45. Nd4 Rh1 46. Rf2 Rc1 47. Kf4 Kh4 48. c6 Rc3 49. Rh2 Rd3 50. c7 Rc3 51. Ne6 Rf3+ 52. Ke5 Rc3 53. Kf4 Rc6 54. Ng5 Rxc7 55. Rxh3# 1-0

[Event "January 2 Late 2024"]
[Site "https://www.chess.com"]
[Date "2024.01.02"]
[Round "11"]
[White "Tifferet, Shakked"]
[Black "Espinoza Villanueva, Rodrigo"]
[Result "0-1"]
[Board "62"]
[TimeControl "180+1"]
[WhiteFideId "2811529"]
[BlackFideId "5140188"]
[WhiteElo "2511"]
[BlackElo "2630"]
[WhiteTeam "ISR"]
[BlackTeam "MEX"]
[WhiteClock "0:00:00"]
[BlackClock "0:01:17"]

1. e4 c5 2. Nf3 d6 3. Nc3 a6 4. Be2 Nc6 5. O-O e5 6. Nd5 Nf6 7. c3 Be7 8. d4 cxd4 9. cxd4 Bg4 10. Nxe7 Qxe7 11. d5 Bxf3 12. Bxf3 Nd4 13. Be3 Nd7 14. Bxd4 exd4 15. Qxd4 O-O 16. Rae1 Rac8 17. Bd1 Ne5 18. f4 Rc4 19. Qd2 Ng6 20. e5 Qc7 21. e6 f5 22. Bb3 Qc5+ 23. Kh1 Rd4 24. Qe3 Ne7 25. Rc1 Qb6 26. Rfe1 Qb4 27. Qc3 Qb6 28. Qc7 Qxc7 29. Rxc7 Re8 30. g3 a5 31. Bc4 Nxd5 32. e7 b5 33. Bxb5 Nxc7 34. Bxe8 Nxe8 35. Re2 Kf7 36. Kg2 Rb4 37. a3 Rb7 38. b4 axb4 39. axb4 Rxb4 40. h4 h5 41. Kh3 Rb7 42. Rd2 Rxe7 43. Rd5 Kf6 44. Rb5 Ke6 45. Rb6 Kd5 46. Rb5+ Ke4 47. Rb3 d5 48. g4 hxg4+ 49. Kg3 d4 50. Rb4 Rc7 51. h5 Nf6 52. Kh4 Rc3 0-1

[Event "January 2 Late 2024"]
[Site "https://www.chess.com"]
[Date "2024.01.02"]
[Round "11"]
[White "Ozates, Tuna"]
[Black "Sukandar, Irine Kharisma"]
[Result "1-0"]
[Board "63"]
[TimeControl "180+1"]
[WhiteFideId "6354521"]
[BlackFideId "7101937"]
[WhiteElo "2629"]
[BlackElo "2488"]
[WhiteTeam "TUR"]
[BlackTeam "INA"]
[WhiteClock "0:01:26"]
[BlackClock "0:01:21"]

1. e4 c5 2. Nf3 Nc6 3. Bb5 e5 4. O-O Nge7 5. c3 g6 6. d4 exd4 7. cxd4 cxd4 8. Bf4 Bg7 9. Bd6 O-O 10. e5 Re8 11. Bc4 Nf5 12. Re1 a6 13. Nbd2 b5 14. Bd5 Nxd6 15. exd6 Bb7 16. Ne4 Qb6 17. Bxf7+ Kxf7 18. Qb3+ Re6 19. Neg5+ Kg8 20. Rxe6 1-0

[Event "January 2 Late 2024"]
[Site "https://www.chess.com"]
[Date "2024.01.02"]
[Round "11"]
[White "Mizzi, Jack"]
[Black "Yagupov, Igor"]
[Result "0-1"]
[Board "64"]
[TimeControl "180+1"]
[WhiteFideId "5602521"]
[BlackFideId "4113632"]
[WhiteElo "2471"]
[BlackElo "2623"]
[WhiteTeam "MLT"]
[BlackTeam "RUS"]
[WhiteClock "0:00:27"]
[BlackClock "0:00:29"]

1. d4 d5 2. c4 c6 3. Nf3 Nf6 4. Nbd2 Bf5 5. Nh4 Be6 6. e3 g5 7. Nhf3 g4 8. Ne5 h5 9. Qb3 Qb6 10. c5 Qc7 11. Qa4 Nbd7 12. f4 gxf3 13. Ndxf3 Ng4 14. Nxd7 Bxd7 15. Bd2 Bh6 16. Qa3 e5 17. dxe5 Nxe5 18. Bc3 Nxf3+ 19. gxf3 Rg8 20. Bd4 Bf5 21. O-O-O a6 22. Qc3 O-O-O 23. Bd3 Qd7 24. Kb1 Rde8 25. Ka1 Rg2 26. e4 dxe4 27. fxe4 Bxe4 28. Bxe4 Rxe4 29. Bf6 Rd2 30. Qf3 Ree2 31. Rxd2 Qxd2 32. Qxh5 Re1+ 0-1

[Event "January 2 Late 2024"]
[Site "https://www.chess.com"]
[Date "2024.01.02"]
[Round "11"]
[White "Ambartsumova, Karina"]
[Black "Mazurkiewicz, Michal"]
[Result "1-0"]
[Board "65"]
[TimeControl "180+1"]
[WhiteFideId "4166299"]
[BlackFideId "1124943"]
[WhiteElo "2616"]
[BlackElo "2441"]
[WhiteTeam "RUS"]
[BlackTeam "POL"]
[WhiteClock "0:00:07"]
[BlackClock "0:00:00"]

1. d4 Nf6 2. c4 e5 3. dxe5 Ng4 4. Bf4 Nc6 5. Nf3 Bb4+ 6. Nc3 Bxc3+ 7. bxc3 Qe7 8. Qd5 f6 9. exf6 Nxf6 10. Qd3 d6 11. e3 O-O 12. Be2 Ne4 13. O-O Nc5 14. Qd2 Be6 15. Nd4 Bd7 16. Nb5 Ne6 17. Bg3 Ne5 18. Rad1 a6 19. Nd4 Nc5 20. f3 Qf7 21. Bxe5 dxe5 22. Nb3 Nxb3 23. axb3 Be6 24. e4 a5 25. Rb1 b6 26. Qe3 a4 27. bxa4 Bxc4 28. Rb4 Bxe2 29. Qxe2 Rfd8 30. Rb5 Rxa4 31. Rxe5 Ra2 32. Qe3 Rdd2 33. Rg5 Qc4 34. e5 h6 35. Rg4 Qxf1+ 36. Kxf1 Rd1+ 37. Qe1 Rxe1+ 38. Kxe1 Rc2 39. c4 Kf7 40. h4 c5 41. Kd1 Rf2 42. Ke1 Rc2 43. h5 Rc1+ 44. Kd2 Rh1 45. f4 Rxh5 46. Ke3 Rh1 47. Ke4 Rd1 48. Kf5 Rd4 49. e6+ Kf8 50. Ke5 Rxc4 51. Rg3 Rc1 52. Ra3 Re1+ 53. Kd6 Rd1+ 54. Kc6 Ke7 55. f5 Rf1 56. g4 Re1 57. Ra7+ Kf6 58. Rf7+ Kg5 59. Rxg7+ Kf4 60. e7 h5 61. f6 hxg4 62. f7 Rxe7 63. f8=Q+ 1-0

[Event "January 2 Late 2024"]
[Site "https://www.chess.com"]
[Date "2024.01.02"]
[Round "11"]
[White "Gubajdullin, Alexei"]
[Black "Caglar, Sila"]
[Result "1-0"]
[Board "66"]
[TimeControl "180+1"]
[WhiteFideId "4141202"]
[BlackFideId "6364063"]
[WhiteElo "2609"]
[BlackElo "2440"]
[WhiteTeam "RUS"]
[BlackTeam "TUR"]
[WhiteClock "0:00:21"]
[BlackClock "0:00:07"]

1. e4 c5 2. d4 e6 3. d5 exd5 4. exd5 d6 5. Nc3 g6 6. Bb5+ Nd7 7. Qe2+ Qe7 8. a4 Bg7 9. Bf4 a6 10. Bxd7+ Kxd7 11. Be3 Nf6 12. Nf3 Rd8 13. O-O Ke8 14. Qd2 Kf8 15. Rfe1 Qd7 16. a5 Qg4 17. Bh6 Bxh6 18. Qxh6+ Kg8 19. Ng5 Qh5 20. Qxh5 Nxh5 21. Re7 Rf8 22. Nce4 h6 23. Nf3 Nf4 24. c4 Rd8 25. Nf6+ Kg7 26. Ne4 Kf8 27. Rc7 Bf5 28. Ned2 Rd7 29. Rxd7 Bxd7 30. b4 cxb4 31. Rb1 Nd3 32. Rb3 Nc5 33. Rxb4 Re8 34. Rb6 Ke7 35. h3 Ba4 36. g4 Kd7 37. h4 Kc7 38. h5 gxh5 39. gxh5 Rg8+ 40. Kh2 Nd3 41. Ne4 Rg4 42. Nxd6 Nxf2 43. Ne5 Rg5 44. Ndxf7 Rxh5+ 45. Kg3 Ne4+ 46. Kf4 Rh4+ 47. Kf5 Ng3+ 48. Ke6 Ne4 49. d6+ Nxd6 50. Nxd6 Rd4 51. Rxb7+ Kd8 52. Nef7# 1-0

[Event "January 2 Late 2024"]
[Site "https://www.chess.com"]
[Date "2024.01.02"]
[Round "11"]
[White "Awoki, Daniel Teidi"]
[Black "Gontcharov, Vladislav"]
[Result "0-1"]
[Board "67"]
[TimeControl "180+1"]
[WhiteFideId "2100827"]
[BlackFideId "4123492"]
[WhiteElo "2439"]
[BlackElo "2587"]
[WhiteTeam "BRA"]
[BlackTeam "RUS"]
[WhiteClock "0:00:03"]
[BlackClock "0:00:51"]

1. e4 e6 2. d4 d5 3. Nd2 c5 4. Ngf3 Nc6 5. exd5 exd5 6. Bb5 Bd6 7. dxc5 Bxc5 8. O-O Ne7 9. Nb3 Bd6 10. h3 h6 11. c3 O-O 12. Nbd4 Bd7 13. Bd3 Ng6 14. Bxg6 fxg6 15. Be3 Qf6 16. Nb5 Bb8 17. Qxd5+ Be6 18. Qe4 Bxh3 19. gxh3 Qxf3 20. Qxf3 Rxf3 21. Kg2 Rf7 22. Rad1 Be5 23. Nd4 g5 24. Nxc6 bxc6 25. Bd4 Bf4 26. Rfe1 Rb8 27. b3 a5 28. Re6 Rc8 29. Rde1 c5 30. Re8+ Rf8 31. Rxf8+ Kxf8 32. Be3 Bd6 33. Rd1 Ke7 34. Kf3 a4 35. Ke4 axb3 36. axb3 Rb8 37. Rb1 Ke6 38. f3 g6 39. Kd3 Kd5 40. Bd2 Ra8 41. c4+ Ke6 42. b4 Ra3+ 43. Ke4 Ra2 44. bxc5 Bxc5 45. Be3 Re2 46. Rb3 h5 47. Rd3 Re1 48. Rb3 Kd6 49. Rd3+ Kc6 50. Rb3 Re2 51. Rd3 Kb6 52. Rb3+ Ka6 53. f4 g4 54. hxg4 hxg4 55. Rd3 Ka5 56. Rb3 Ka4 57. Rd3 Kb4 58. Kd5 Rxe3 59. Rxe3 Bxe3 60. Ke4 Bc5 61. Kd3 g3 62. Ke2 g2 63. Kf3 g1=Q 64. Ke4 Qd4+ 0-1

[Event "January 2 Late 2024"]
[Site "https://www.chess.com"]
[Date "2024.01.02"]
[Round "11"]
[White "Korchynskyi, Mykola"]
[Black "Teimouri Yadkuri, Shahdad"]
[Result "1-0"]
[Board "68"]
[TimeControl "180+1"]
[WhiteFideId "34138005"]
[BlackFideId "42515467"]
[WhiteElo "2583"]
[BlackElo "2438"]
[WhiteTeam "UKR"]
[BlackTeam "IRI"]
[WhiteClock "0:00:40"]
[BlackClock "0:00:00"]

1. d4 Nf6 2. c4 e6 3. Nc3 Bb4 4. Qc2 d5 5. cxd5 exd5 6. Bg5 O-O 7. e3 h6 8. Bh4 Be7 9. Nf3 Be6 10. Bd3 Nbd7 11. O-O Rc8 12. Rad1 c5 13. dxc5 Nxc5 14. Bf5 Nfe4 15. Bxe7 Qxe7 16. Nxd5 Bxd5 17. Rxd5 Rce8 18. b4 g6 19. Bxg6 fxg6 20. bxc5 Rxf3 21. gxf3 Qh4 22. Qc4 Kf8 23. Rd7 Qg5+ 24. Kh1 Qf5 25. Qf7+ Qxf7 26. Rxf7+ Kxf7 27. fxe4 Rxe4 28. Rd1 Ke7 29. Rd6 Rg4 30. h3 Rg5 31. Kh2 Rxc5 32. Rxg6 Rc2 33. Kg3 Rxa2 34. Rxh6 b5 35. Rh7+ Kd6 36. h4 a5 37. h5 b4 38. h6 Ra1 39. Ra7 Kc5 40. h7 Rh1 41. Rxa5+ Kc4 42. Ra7 b3 43. Rb7 1-0

[Event "January 2 Late 2024"]
[Site "https://www.chess.com"]
[Date "2024.01.02"]
[Round "11"]
[White "Aggelis, Nikolaos"]
[Black "Dubreuil, Julien"]
[Result "1-0"]
[Board "69"]
[TimeControl "180+1"]
[WhiteFideId "4213220"]
[BlackFideId "621285"]
[WhiteElo "2569"]
[BlackElo "2382"]
[WhiteTeam "GRE"]
[BlackTeam "FRA"]
[WhiteClock "0:00:13"]
[BlackClock "0:00:00"]

1. c4 e6 2. g3 d5 3. Bg2 dxc4 4. Nf3 Bd7 5. Ne5 Bc6 6. Nxc6 Nxc6 7. Qa4 Nf6 8. Bxc6+ bxc6 9. Qxc6+ Nd7 10. Qxc4 c5 11. O-O Be7 12. Nc3 O-O 13. b3 Ne5 14. Qe4 Bf6 15. Bb2 Rb8 16. Rab1 Rb4 17. Qc2 Nc6 18. e3 Rb8 19. a3 Ne5 20. Ne4 Nf3+ 21. Kg2 Bxb2 22. Rxb2 Ne5 23. Nxc5 Qd5+ 24. f3 Rfc8 25. d4 Ng4 26. Qe2 e5 27. Na6 exd4 28. Nxb8 Nxe3+ 29. Kg1 Rxb8 30. Rc1 g6 31. b4 Re8 32. Rd2 Re6 33. Qd3 Qxf3 34. Rf2 Qg4 35. Re1 h5 36. Rf4 Qg5 37. Qxd4 Nf5 38. Qf2 Rxe1+ 39. Qxe1 Kh7 40. Qe5 Qd8 41. Rxf5 gxf5 42. Qxf5+ Kg7 43. Qxh5 Qd4+ 44. Kg2 Qb2+ 45. Kh3 Qxa3 46. Qg5+ Kf8 47. Qc5+ Kg7 48. Qxa7 Qxb4 49. Qf2 Qb8 50. Qf4 Qb1 51. g4 Qg1 52. Qg3 Qf1+ 53. Kh4 f6 54. Qe3 1-0

[Event "January 2 Late 2024"]
[Site "https://www.chess.com"]
[Date "2024.01.02"]
[Round "11"]
[White "Rama, Tejas"]
[Black "Rodriguez Avila, Alvaro"]
[Result "1-0"]
[Board "70"]
[TimeControl "180+1"]
[WhiteFideId "30907381"]
[BlackFideId "24570249"]
[WhiteElo "2567"]
[BlackElo "2337"]
[WhiteTeam "USA"]
[BlackTeam "ESP"]
[WhiteClock "0:00:16"]
[BlackClock "0:00:17"]

1. d4 Nf6 2. c4 Nc6 3. d5 Ne5 4. b3 e6 5. Nf3 Nxf3+ 6. gxf3 exd5 7. cxd5 Bb4+ 8. Bd2 Bxd2+ 9. Qxd2 d6 10. Rg1 g6 11. Nc3 Qe7 12. Rc1 Bd7 13. Qd4 Qe5 14. Qxe5+ dxe5 15. e3 O-O 16. Bc4 Rac8 17. Ke2 c6 18. Rgd1 cxd5 19. Nxd5 Nxd5 20. Bxd5 Bb5+ 21. Ke1 Ba6 22. Be4 Rxc1 23. Rxc1 Rb8 24. Rc7 Kf8 25. Bd5 Rd8 26. Bxf7 Rd6 27. Bc4 Bxc4 28. bxc4 Rb6 29. Rxh7 Rb2 30. a3 b6 31. Rxa7 Rb1+ 32. Ke2 Rb2+ 33. Kf1 Rc2 34. Ra6 Rb2 35. Ra7 Rc2 36. Rb7 Rxc4 37. Rxb6 Ra4 38. Rxg6 1-0